[Event "*** Titled Tuesday Blitz"]
[Site "Chess.com"]
[Date "2020.11.10"]
[Round "6"]
[White "Anton_Demchenko"]
[Black "VladimirPotkin"]
[Result "1/2-1/2"]
[WhiteElo "2838"]
[BlackElo "2705"]
[TimeControl "180+1"]
[EndTime "11:07:33 PST"]
[Termination "Game drawn by repetition"]

1. e4 e5 2. Nf3 Nc6 3. Bc4 Nf6 4. d3 h6 5. O-O d6 6. Re1 g5 7. d4 g4 8. dxe5 gxf3 9. exf6 Ne5 10. Na3 Qxf6 11.
g3 Bh3 12. Bf4 O-O-O 13. Qd4 Qxf4 14. gxf4 Rg8+ 15. Kh1 Bg2+ 16. Kg1 Bh3+ 17. Kh1 Bg2+ 18. Kg1 Bh3+ 1/2-1/2

[Event "*** Titled Tuesday Blitz"]
[Site "Chess.com"]
[Date "2020.11.10"]
[Round "6"]
[White "Matveev_Vladimir"]
[Black "Paralinch"]
[Result "0-1"]
[WhiteElo "2672"]
[BlackElo "2836"]
[TimeControl "180+1"]
[EndTime "11:07:36 PST"]
[Termination "Paralinch won by checkmate"]

1. d4 d5 2. c4 c6 3. Nf3 Nf6 4. Qc2 g6 5. Bf4 Na6 6. a3 Bf5 7. Qc1 Bg7 8. e3 O-O 9. Nc3 c5 10. cxd5 cxd4 11. Nxd4 Nxd5 12. Nxd5 Qxd5 13. Bxa6 Qa5+ 14.
Qd2 Qxa6 15. Nxf5 gxf5 16. Qe2 Rfc8 17. Qxa6 bxa6 18. O-O Bxb2 19. Ra2 Bf6 20. h3 Rc4 21.
Rd1 e5 22. Bg3 f4 23. exf4 exf4 24. Bh2 Rac8 25. Kf1 a5 26. Rd3 a4 27. Rf3 Be5 28.
Ke2 Kg7 29. Kd3 Kg6 30. Re2 Rd4# 0-1

[Event "*** Titled Tuesday Blitz"]
[Site "Chess.com"]
[Date "2020.11.10"]
[Round "6"]
[White "Nikolakis2014"]
[Black "Zq1"]
[Result "0-1"]
[WhiteElo "2752"]
[BlackElo "2585"]
[TimeControl "180+1"]
[EndTime "11:07:39 PST"]
[Termination "Zq1 won by resignation"]

1. Nf3 Nf6 2. c4 e6 3. g3 d5 4. d4 Be7 5. Bg2 O-O 6. O-O c6 7. Qc2 b6 8. Nbd2 Na6 9. a3 Bb7 10. e4 c5 11. exd5 exd5 12. b3 dxc4 13. Nxc4 Be4 14. Qd1 cxd4 15. Nxd4 Bxg2 16. Kxg2 Qd5+ 17. Kg1 Rfd8 18. Bb2 Nc5 19. Ne3 Qe4 20. Nef5 Bf8 21. Re1 Qb7 22. Qe2 Re8 23. Qb5 a6 24. Qc6 Qxc6 25. Nxc6 Nxb3 26. Nh6+ gxh6 27. Bxf6 Nxa1 0-1

[Event "*** Titled Tuesday Blitz"]
[Site "Chess.com"]
[Date "2020.11.10"]
[Round "6"]
[White "GigaQuparadze"]
[Black "andrzej"]
[Result "1-0"]
[WhiteElo "2750"]
[BlackElo "2388"]
[TimeControl "180+1"]
[EndTime "11:07:41 PST"]
[Termination "GigaQuparadze won by checkmate"]

1. e4 c5 2. Ne2 e6 3. d4 cxd4 4. Nxd4 Nf6 5. Nc3 d6 6. g4 h6 7. h4 Nc6 8. Be2 Qb6 9. Nb3 a6 10. Be3 Qc7 11. Qd2 Bd7 12. O-O-O O-O-O 13. g5 hxg5 14. hxg5 Rxh1 15. Rxh1 Ne8 16. Na4 Ne5 17. Nb6+ Kb8 18. f4 Nc6 19. Nc4 d5 20. Bb6 dxc4 21. Bxc7+ Nxc7 22. Bxc4 Bc8 23. Qf2 b5 24. Bd3 Bb7 25.
Rh8 Nb4 26. Na5 Rxd3 27. Rxf8+ Bc8 28. Qb6+ Ka8 29. Rxc8# 1-0

[Event "*** Titled Tuesday Blitz"]
[Site "Chess.com"]
[Date "2020.11.10"]
[Round "6"]
[White "Triumphmate"]
[Black "Radzio1987"]
[Result "0-1"]
[WhiteElo "2377"]
[BlackElo "2770"]
[TimeControl "180+1"]
[EndTime "11:07:42 PST"]
[Termination "Radzio1987 won by resignation"]

1. e4 c6 2. Nf3 d5 3. exd5 cxd5 4. d4 Nc6 5. Bd3 Bg4 6. c3 e6 7. O-O Bd6 8. Be3 Nge7 9. Nbd2 Qc7 10. Qc2 h6 11.
Rae1 O-O 12. h3 Bf5 13. Qb1 a6 14. Re2 b5 15. Rfe1 Rab8 16. a3 a5 17. Ne5 Nxe5 18.
dxe5 Bxe5 19. Nf3 Bf6 20. Bd4 Bxd4 21. Nxd4 Bxd3 22. Qxd3 b4 23. axb4 axb4 24. Nxe6 fxe6 25. Rxe6 Rf7 26. Qd4 bxc3 27. bxc3 Rbf8 28. f3 Nf5 29. Qxd5 Qxc3 30. R6e5 Kh8 31. Kh2 Rf6 32. R1e4 Qc7 33.
Kg1 Nd6 34. Re1 Qb6+ 35. Kh2 Nf5 36. R1e4 Qf2 37. Rg4 Ne3 0-1

[Event "*** Titled Tuesday Blitz"]
[Site "Chess.com"]
[Date "2020.11.10"]
[Round "6"]
[White "ukchessbomber"]
[Black "Boudicca64"]
[Result "1-0"]
[WhiteElo "2232"]
[BlackElo "1840"]
[TimeControl "180+1"]
[EndTime "11:07:42 PST"]
[Termination "ukchessbomber won on time"]

1. d4 g6 2. c4 Bg7 3. Nc3 c5 4. d5 Bxc3+ 5. bxc3 f5 6. g4 Nf6 7. gxf5 gxf5 8. e3 d6 9. Bd3 Qa5 10. Qc2 Ne4 11. Ne2 Rf8 12. f3 Ng5 13. Kf2 Na6 14. h4 Nf7 15. f4 Nh6 16. Ng3 Bd7 17. Rb1 O-O-O 18. Qb2 Qc7 19. Bd2 Nb8 20. Bc2 a6 21. a4 e6 22. a5 exd5 23. cxd5 c4 24. Qb4 Bb5 25. Ba4 Ng4+ 26. Kf3 Qd7 27. Bxb5 axb5 28. Qxb5 Na6 29. Qxc4+ Nc5 30. Rb6 Rde8 31. a6 Re7 32. axb7+ 1-0

[Event "*** Titled Tuesday Blitz"]
[Site "Chess.com"]
[Date "2020.11.10"]
[Round "6"]
[White "alexrustemov"]
[Black "ambaixador"]
[Result "0-1"]
[WhiteElo "2713"]
[BlackElo "2475"]
[TimeControl "180+1"]
[EndTime "11:07:43 PST"]
[Termination "ambaixador won by resignation"]

1. d4 d5 2. c4 e6 3. Nc3 Nf6 4. cxd5 exd5 5. Bg5 c6 6. e3 Be7 7. Bd3 Nbd7 8. Qc2 Nf8 9. Nf3 Ne6 10. Bh4 O-O 11.
Bxf6 Bxf6 12. Bxh7+ Kh8 13. Bd3 Qd6 14. O-O g6 15. h4 Kg7 16. g3 Rh8 17. Kg2 Bd7 18. Rh1 c5 19. dxc5 Nxc5 20. Nd4 a6 21. Rad1 Rac8 22. Qd2 b5 23. a3 Bxd4 24. exd4 Nb3 25.
Qg5 Nxd4 26. Qxd5 Bc6 27. Be4 Bxd5 28. Bxd5 Rxc3 29. Rxd4 Rc5 30. Rhd1 Rd8 0-1

[Event "*** Titled Tuesday Blitz"]
[Site "Chess.com"]
[Date "2020.11.10"]
[Round "6"]
[White "BilodeauA"]
[Black "Karateloru"]
[Result "0-1"]
[WhiteElo "2897"]
[BlackElo "2740"]
[TimeControl "180+1"]
[EndTime "11:07:44 PST"]
[Termination "Karateloru won by resignation"]

1. d4 Nf6 2. Nc3 e6 3. Bf4 Bd6 4. Bxd6 cxd6 5. e4 a6 6. a4 O-O 7. Nf3 b6 8. Bd3 Bb7 9. O-O d5 10. e5 Ne8 11. Qe2 Nc6 12. h4 h6 13. Nd1 Nb4 14.
Ne3 d6 15. Ng4 Nxd3 16. cxd3 dxe5 17. Ngxe5 Nf6 18. Qd2 a5 19. Qf4 Rc8 20. Rac1 Qe7 21.
g4 Nd7 22. Nxd7 Qxd7 23. b3 Ba6 24. Ne5 Qd6 25. g5 f6 26. Rxc8 Bxc8 27. gxf6 Rxf6 28. Qg3 Qc7 29. Qe3 Rf8 30. Rc1 Qd8 31. Ng6 Rf6 32.
Rxc8 Rxg6+ 33. Qg5 Rxg5+ 0-1

[Event "*** Titled Tuesday Blitz"]
[Site "Chess.com"]
[Date "2020.11.10"]
[Round "6"]
[White "Mr_Heisenberg13"]
[Black "JoachimMouhamad"]
[Result "1-0"]
[WhiteElo "2484"]
[BlackElo "2346"]
[TimeControl "180+1"]
[EndTime "11:07:50 PST"]
[Termination "Mr_Heisenberg13 won by resignation"]

1. e4 e5 2. Nf3 Nc6 3. Bb5 a6 4.
Ba4 Nf6 5. Nc3 b5 6. Bb3 d6 7.
Ng5 Be6 8. Nxe6 fxe6 9. Bxe6 Nd4 10. Bb3 Be7 11. O-O Nxb3 12. axb3 O-O 13. d3 c6 14. Kh1 Qe8 15. Qe2 Qg6 16. f4 Nh5 17. f5 Qf7 18. Be3 d5 19. Bg1 Nf4 20. Qf3 g6 21. g3 Nh3 22. exd5 gxf5 23. dxc6 Ng5 24.
Qd5 Rfc8 25. Rxf5 Qxd5+ 26. Nxd5 1-0

[Event "*** Titled Tuesday Blitz"]
[Site "Chess.com"]
[Date "2020.11.10"]
[Round "6"]
[White "NewBornNow"]
[Black "ural58"]
[Result "1-0"]
[WhiteElo "2653"]
[BlackElo "2379"]
[TimeControl "180+1"]
[EndTime "11:07:52 PST"]
[Termination "NewBornNow won by resignation"]

1. e4 d5 2. exd5 Qxd5 3. Nc3 Qa5 4. Nf3 Nf6 5. Be2 Nc6 6. O-O Bg4 7. h3 Bh5 8. b4 Nxb4 9. Rb1 O-O-O 10. a3 Nc6 11.
Rb5 Qxc3 12. dxc3 Rxd1 13. Rxd1 a6 14. Rxh5 Nxh5 15. Ng5 Nf6 16. Nxf7 Rg8 17. g4 e6 18. Bc4 Nd5 19. Ng5 Be7 20. Nxe6 Nxc3 21. Re1 Na5 22. Bd3 Nc6 23. Bxh7 Rh8 24. Bf5 g6 25. Bxg6 Rxh3 26. Kg2 Rh8 27. Bb2 Rg8 28. Bf5 Nd5 29.
Nf4+ 1-0

[Event "*** Titled Tuesday Blitz"]
[Site "Chess.com"]
[Date "2020.11.10"]
[Round "6"]
[White "BocharovD"]
[Black "jefferyx"]
[Result "0-1"]
[WhiteElo "2771"]
[BlackElo "2974"]
[TimeControl "180+1"]
[EndTime "11:07:54 PST"]
[Termination "jefferyx won on time"]

1. c4 g6 2. Nf3 Bg7 3. d4 d6 4. g3 Nc6 5. Bg2 Bd7 6. Nc3 Qc8 7. h3 Nf6 8. e4 O-O 9. Be3 a6 10. Rc1 b5 11. e5 Ne8 12. cxb5 axb5 13. Nxb5 Nxe5 14.
dxe5 Bxb5 15. Nd4 Bd7 16. exd6 Nxd6 17. a3 Rd8 18. Nc6 Bxc6 19. Bxc6 Bxb2 20. Bxa8 Qxa8 21. O-O Nf5 22. Qb3 Bxc1 23. Rxc1 Qf3 24. a4 Nd4 0-1

[Event "*** Titled Tuesday Blitz"]
[Site "Chess.com"]
[Date "2020.11.10"]
[Round "6"]
[White "Rud_Makarian"]
[Black "Chernobay_Artem"]
[Result "1-0"]
[WhiteElo "2823"]
[BlackElo "2637"]
[TimeControl "180+1"]
[EndTime "11:07:54 PST"]
[Termination "Rud_Makarian won by resignation"]

1. d4 Nf6 2. c4 g6 3. Nc3 Bg7 4. e4 d6 5. Be2 O-O 6. Be3 e5 7. d5 a5 8. g4 Na6 9. g5 Nd7 10. h4 Ndc5 11. h5 Bd7 12. Nf3 c6 13. Rh4 a4 14.
Kf1 Qa5 15. Kg2 a3 16. b4 Nxb4 17. Rc1 cxd5 18. Nxd5 Nxd5 19. cxd5 Rfc8 20. Qh1 Bb5 21.
Bxb5 Qxb5 22. hxg6 hxg6 23. Rh7 Ne6 24. dxe6 fxe6 25.
Rxg7+ Kxg7 26. Qh6+ Kf7 27. Qh7+ Kf8 28. Qh8+ 1-0

[Event "*** Titled Tuesday Blitz"]
[Site "Chess.com"]
[Date "2020.11.10"]
[Round "6"]
[White "Atousa1"]
[Black "paulrusan"]
[Result "1-0"]
[WhiteElo "2410"]
[BlackElo "2220"]
[TimeControl "180+1"]
[EndTime "11:07:56 PST"]
[Termination "Atousa1 won by resignation"]

1. e4 g6 2. d4 Bg7 3. Nf3 d6 4. Nc3 a6 5. a4 Nc6 6. h3 Nf6 7.
Bc4 O-O 8. O-O Nxe4 9. Nxe4 d5 10. Bd3 dxe4 11. Bxe4 Nxd4 12. c3 Nxf3+ 13. Qxf3 c6 14.
a5 Be6 15. Be3 Bd5 16. Bb6 Bxe4 17. Qxe4 Qd5 18. Qxe7 Rab8 19. Rfe1 Qb3 20. Re2 h5 21. Rae1 Rfe8 22. Qxe8+ Rxe8 23. Rxe8+ Kh7 24. R8e7 Bf6 25.
Rxb7 Qxb2 26. Rxf7+ Kh6 27. Rxf6 Qxc3 28. Ree6 h4 29.
Rxg6+ Kh7 30. Rgf6 Kg7 31. Rxc6 Qa1+ 32. Kh2 Qe5+ 33.
f4 Qe1 34. Rg6+ Kf7 35. Rg4 Ke7 36. Rh6 1-0

[Event "*** Titled Tuesday Blitz"]
[Site "Chess.com"]
[Date "2020.11.10"]
[Round "6"]
[White "GregShahade"]
[Black "MaxLeto"]
[Result "1-0"]
[WhiteElo "2694"]
[BlackElo "2424"]
[TimeControl "180+1"]
[EndTime "11:07:57 PST"]
[Termination "GregShahade won by resignation"]

1. e4 c5 2. Nf3 d6 3. d4 cxd4 4. Nxd4 Nf6 5. Nc3 a6 6. Be3 Ng4 7. Bc1 Nf6 8. f3 e6 9. Be3 b5 10. Qd2 Nbd7 11. g4 h6 12. O-O-O Bb7 13. h4 b4 14. Na4 Qa5 15. b3 Rc8 16. a3 d5 17.
e5 Nxe5 18. Nxe6 Nfd7 19. Nxf8 Kxf8 20. axb4 Qc7 21. Nc5 Nxf3 22. Qf2 Nde5 23. Bf4 d4 24. Bxe5 Qxe5 25. Nd7+ 1-0

[Event "*** Titled Tuesday Blitz"]
[Site "Chess.com"]
[Date "2020.11.10"]
[Round "6"]
[White "vladislavkovalev"]
[Black "Margency"]
[Result "1-0"]
[WhiteElo "2862"]
[BlackElo "2691"]
[TimeControl "180+1"]
[EndTime "11:08:01 PST"]
[Termination "vladislavkovalev won by resignation"]

1. e4 c5 2. Be2 Nc6 3. d3 g6 4. f4 Bg7 5. Nf3 d6 6. O-O Nf6 7. c3 O-O 8. Kh1 Rb8 9. Be3 b5 10. a3 a5 11. Nbd2 b4 12. axb4 axb4 13. d4 bxc3 14. bxc3 cxd4 15. cxd4 d5 16. e5 Ne4 17.
Nxe4 dxe4 18. Ng5 Bb7 19. f5 Nb4 20. e6 f6 21. Nxh7 Kxh7 22. fxg6+ Kg8 23. Bc4 f5 24. Qh5 Rf6 25. Qh7+ Kf8 26. Bh6 1-0

[Event "*** Titled Tuesday Blitz"]
[Site "Chess.com"]
[Date "2020.11.10"]
[Round "6"]
[White "Zkid"]
[Black "Nikolaj_6"]
[Result "1-0"]
[WhiteElo "2775"]
[BlackElo "2597"]
[TimeControl "180+1"]
[EndTime "11:08:03 PST"]
[Termination "Zkid won by resignation"]

1. e4 c5 2. Nf3 d6 3. d4 cxd4 4. Nxd4 Nf6 5. f3 e5 6. Nb3 Be6 7. Bg5 Nbd7 8. c4 Rc8 9. Nc3 Be7 10. Rc1 O-O 11. Be2 Nxe4 12. Bxe7 Nxc3 13. Qxd6 Nxe2 14.
Kxe2 Qe8 15. Bxf8 Nxf8 16. Rhd1 Bxc4+ 17. Kf2 Bxb3 18. axb3 Rxc1 19. Rxc1 Ng6 20. Rc7 h6 21. Rxb7 Kh7 22. Rb8 Qe7 23. Qxe7 Nxe7 24. Rb7 Nc6 25. Rxf7 Nd4 26. Rxa7 Nxb3 1-0

[Event "*** Titled Tuesday Blitz"]
[Site "Chess.com"]
[Date "2020.11.10"]
[Round "6"]
[White "Azoulas1"]
[Black "StockholmMissile"]
[Result "0-1"]
[WhiteElo "2057"]
[BlackElo "2390"]
[TimeControl "180+1"]
[EndTime "11:08:04 PST"]
[Termination "StockholmMissile won by checkmate"]

1. e4 c6 2. d4 d5 3. Nc3 dxe4 4. Nxe4 Nf6 5. Nxf6+ exf6 6. Nf3 Bd6 7. Bd3 O-O 8. c3 Re8+ 9. Be3 Bg4 10. Qc2 Bxf3 11. gxf3 g6 12. O-O-O f5 13. h4 Nd7 14. Bg5 Qa5 15. Kb1 Be7 16. Rdg1 Bxg5 17. Rxg5 Qd8 18. Bxf5 Kh8 19. Bd3 Qf6 20. Rg3 c5 21. h5 g5 22.
dxc5 h6 23. b4 Ne5 24. Be4 Nc4 25. Rd1 Na3+ 26. Kb2 Nxc2 27. Kxc2 Rad8 28. Rgg1 Qa6 29. Kb1 Qc4 30. Rc1 Rd2 31. Rc2 Red8 32. Rgc1 Rxc2 33. Rxc2 Rd1+ 34. Kb2 Qf1 35. Bxb7 Rb1+ 36. Ka3 a5 37. c6 axb4+ 38. cxb4 Qd3+ 39. Ka4 Qxc2+ 40. Ka5 Qxa2+ 41. Kb5 Qd5+ 42. Kb6 Rxb4+ 43. Kc7 Qe5+ 44. Kd8 Rd4+ 45. Kc8 Qe8+ 46. Kc7 Qd8# 0-1

[Event "*** Titled Tuesday Blitz"]
[Site "Chess.com"]
[Date "2020.11.10"]
[Round "6"]
[White "Loy_Konstantin"]
[Black "ailime26"]
[Result "1-0"]
[WhiteElo "2389"]
[BlackElo "1973"]
[TimeControl "180+1"]
[EndTime "11:08:06 PST"]
[Termination "Loy_Konstantin won by resignation"]

1. e4 c5 2. Nf3 Nc6 3. Nc3 e6 4. Bb5 a6 5. Bxc6 bxc6 6. d4 d5 7. O-O cxd4 8. Nxd4 Bd7 9. exd5 cxd5 10. Re1 Nf6 11.
Nf5 Qc7 12. Nxd5 Nxd5 13. Qxd5 O-O-O 14. Qa8+ Qb8 15. Qxa6+ Qb7 16. Qxb7+ Kxb7 17. Nd4 Bc5 18. Be3 e5 19. Nb3 Bxe3 20. Rxe3 f6 21. Rd1 Bc6 22.
Ree1 Rd7 1-0

[Event "*** Titled Tuesday Blitz"]
[Site "Chess.com"]
[Date "2020.11.10"]
[Round "6"]
[White "MarcoRiehle"]
[Black "hypert"]
[Result "1-0"]
[WhiteElo "2670"]
[BlackElo "2464"]
[TimeControl "180+1"]
[EndTime "11:08:11 PST"]
[Termination "MarcoRiehle won by resignation"]

1. e4 c5 2. a3 b6 3. Nc3 Bb7 4. Bc4 e6 5. d3 d5 6. Ba2 Nd7 7. Nf3 Be7 8. exd5 exd5 9. Nxd5 Ngf6 10. Nxe7 Qxe7+ 11. Qe2 Qxe2+ 12. Kxe2 O-O 13. Be3 Rfe8 14. Rhe1 Ng4 15. h3 Nxe3 16. fxe3 Re7 17. Kf2 Rae8 18. e4 g6 19. Rf1 Kg7 20. Kg1 f6 21. Rae1 a5 22.
Bd5 Bxd5 23. exd5 Ne5 24. Kf2 Nf7 25. Rxe7 Rxe7 26. Re1 Kf8 27. Rxe7 Kxe7 28. c4 Nd6 29. b3 h6 30. g4 f5 31. d4 cxd4 32. Nxd4 fxg4 33.
hxg4 Kf6 34. Nf3 a4 35. bxa4 Nxc4 36. Ke2 Ne5 37. Nd2 Nxg4 38. Nc4 h5 39. Nxb6 h4 40. a5 h3 41. Kf1 Ne5 42. a6 Nf3 43. a7 h2 44. Kg2 1-0

[Event "*** Titled Tuesday Blitz"]
[Site "Chess.com"]
[Date "2020.11.10"]
[Round "6"]
[White "ShimanovAlex"]
[Black "Xeniya2005"]
[Result "1-0"]
[WhiteElo "2799"]
[BlackElo "2384"]
[TimeControl "180+1"]
[EndTime "11:08:12 PST"]
[Termination "ShimanovAlex won by resignation"]

1. e4 e6 2. d4 d5 3. Bd3 dxe4 4.
Bxe4 Nf6 5. Bf3 c5 6. Ne2 Qc7 7. Nbc3 a6 8. Bg5 Be7 9. Qd2 Nc6 10. O-O-O Bd7 11. d5 exd5 12. Bxf6 gxf6 13. Nxd5 Qe5 14. Nef4 Be6 15. Rhe1 Qb8 16. Nxe6 fxe6 17. Rxe6 Kf7 18. Rde1 Qd8 19. Bh5+ 1-0

[Event "*** Titled Tuesday Blitz"]
[Site "Chess.com"]
[Date "2020.11.10"]
[Round "6"]
[White "SaqoChess_Twitch"]
[Black "FMJoseHerrera"]
[Result "1-0"]
[WhiteElo "2452"]
[BlackElo "2578"]
[TimeControl "180+1"]
[EndTime "11:08:13 PST"]
[Termination "SaqoChess_Twitch won on time"]

1. d4 Nf6 2. c4 c5 3. d5 b5 4. cxb5 a6 5. bxa6 g6 6. Nc3 Bg7 7. Nf3 O-O 8. g3 e6 9. Bg2 Nxa6 10. O-O Bb7 11. e4 exd5 12. exd5 Re8 13. Be3 d6 14.
Bg5 Qb6 15. Na4 Qb5 16. Bxf6 Bxf6 17. Rb1 Nb4 18. Nc3 Qc4 19. Nd2 Qa6 20. Nde4 Bg7 21. a3 Nd3 22. Nxd6 Nxf2 23. Qb3 Qxd6 24. Qxb7 Bd4 25.
Nb5 Qf6 26. Nxd4 Qxd4 27. Rxf2 1-0

[Event "*** Titled Tuesday Blitz"]
[Site "Chess.com"]
[Date "2020.11.10"]
[Round "6"]
[White "Hasangatin_Ramil"]
[Black "atalz0"]
[Result "1-0"]
[WhiteElo "2562"]
[BlackElo "2397"]
[TimeControl "180+1"]
[EndTime "11:08:14 PST"]
[Termination "Hasangatin_Ramil won on time"]

1. e4 d5 2. exd5 Nf6 3. Nf3 Nxd5 4. d4 Bg4 5. h3 Bh5 6. c4 Nb6 7. c5 N6d7 8. Bc4 e6 9. Be3 Nc6 10.
Nc3 Be7 11. a3 O-O 12. b4 e5 13. d5 Nd4 14. Bxd4 exd4 15. Qxd4 Bxf3 16. gxf3 Bf6 17. Qd2 Re8+ 18. Kf1 Ne5 19. Be2 a5 20. Rd1 axb4 21.
axb4 Ra3 22. Nb5 Nxf3 23. Qf4 Rxe2 24. Nxa3 Ra2 25. Qxf3 Bh4 26. Rh2 Qa8 27. Nc4 Qa6 28.
Qe4 g5 29. Kg1 Qf6 30. Rf1 1-0

[Event "*** Titled Tuesday Blitz"]
[Site "Chess.com"]
[Date "2020.11.10"]
[Round "6"]
[White "BanjoKazooieN64"]
[Black "scarabee43"]
[Result "0-1"]
[WhiteElo "2392"]
[BlackElo "2561"]
[TimeControl "180+1"]
[EndTime "11:08:20 PST"]
[Termination "scarabee43 won by resignation"]

1. e4 c5 2. Nc3 e6 3. Nf3 Nc6 4. d4 cxd4 5. Nxd4 Qc7 6. f4 Nxd4 7. Qxd4 b6 8. Qf2 Bb7 9. Bd3 Nf6 10. h3 Bb4 11. Bd2 Bxc3 12. Bxc3 Nxe4 13. Bxe4 Bxe4 14. O-O-O d5 15. Rhg1 O-O 16. g4 Qc4 17. f5 Rac8 18. Qh4 Qxa2 19. f6 Rxc3 0-1

[Event "*** Titled Tuesday Blitz"]
[Site "Chess.com"]
[Date "2020.11.10"]
[Round "6"]
[White "nakajo"]
[Black "WeAintSurePal"]
[Result "1-0"]
[WhiteElo "2456"]
[BlackElo "2300"]
[TimeControl "180+1"]
[EndTime "11:08:24 PST"]
[Termination "nakajo won by checkmate"]

1. d4 Nf6 2. Nf3 e6 3. g3 d5 4. Bg2 Be7 5. O-O O-O 6. b3 b5 7. a4 b4 8. c4 c6 9. c5 a5 10.
Ne5 Ba6 11. Nd2 Nfd7 12. f4 f6 13. Nd3 Qc7 14. Bh3 f5 15. Nf3 Nf6 16. Bb2 Ne4 17. Nd2 Nd7 18. Nxe4 dxe4 19. Nf2 Nf6 20. Re1 Nd5 21.
e3 Kh8 22. g4 g6 23. Kh1 Rg8 24. Qc2 Kg7 25. Nxe4 fxe4 26. Qxe4 Nf6 27. Qxe6 Bc8 28. Qe5 Qxe5 29. dxe5 Nxg4 30. e6+ Nf6 31. Rad1 Re8 32. e4 Bxc5 33. Rc1 Bf2 34. Re2 Bh4 35. Rxc6 Re7 36.
Rd6 Bb7 37. Rd7 Rxd7 38. exd7 Rd8 39. Kg1 Kf7 40. e5 Nd5 41. e6+ Ke7 42. Bd4 Kd6 43.
Be5+ Kc5 44. Rc2+ Kb6 45. Bd4+ Ka6 46. Bf1# 1-0

[Event "*** Titled Tuesday Blitz"]
[Site "Chess.com"]
[Date "2020.11.10"]
[Round "6"]
[White "petrkostenko"]
[Black "BJthechessgod"]
[Result "1-0"]
[WhiteElo "2462"]
[BlackElo "2301"]
[TimeControl "180+1"]
[EndTime "11:08:25 PST"]
[Termination "petrkostenko won by resignation"]

1. c4 Nf6 2. g3 e6 3. Bg2 Be7 4. Nf3 O-O 5. O-O d5 6. b3 b6 7. Bb2 Bb7 8. e3 dxc4 9. bxc4 c5 10. Nc3 Nc6 11. Qe2 Qd7 12. Rad1 Rfd8 13. Ne1 Rac8 14. f4 Na5 15. d3 Bxg2 16. Nxg2 Nc6 17. g4 Nb4 18. g5 Ne8 19. a3 Nc6 20. Rf3 g6 21. Ne4 e5 22. fxe5 Qg4 23. Rdf1 Bxg5 24. Qf2 f5 25. exf6 Kf7 26. Rg3 Qe6 27. Nxg5+ 1-0

[Event "*** Titled Tuesday Blitz"]
[Site "Chess.com"]
[Date "2020.11.10"]
[Round "6"]
[White "wonderfultime"]
[Black "PIwan"]
[Result "1-0"]
[WhiteElo "2932"]
[BlackElo "2541"]
[TimeControl "180+1"]
[EndTime "11:08:27 PST"]
[Termination "wonderfultime won by resignation"]

1. d4 d5 2. Nf3 Nf6 3. Bf4 e6 4. e3 Bd6 5. c3 c5 6. Nbd2 Qc7 7. Bxd6 Qxd6 8. Ne5 Nc6 9. f4 O-O 10. Bd3 Ne7 11.
O-O Nf5 12. Rf3 Qb6 13. Rb1 Nd6 14. Rh3 Nde4 15. Bxe4 Nxe4 16. Nxe4 dxe4 17. Qh5 h6 18. Rg3 Kh7 19. Nxf7 e5 20. dxc5 Qf6 21. Nxe5 Bf5 22.
Rd1 Rad8 23. Rd4 Rxd4 24. cxd4 Qa6 25. h3 Qxa2 26. Ng6 Rf6 27. Ne7 Be6 28. f5 Bf7 29. Qg4 g5 30. fxg6+ Bxg6 31. Nxg6 Qa1+ 32. Kh2 Rf1 33. Nf8+ 1-0

[Event "*** Titled Tuesday Blitz"]
[Site "Chess.com"]
[Date "2020.11.10"]
[Round "6"]
[White "IANOV0007"]
[Black "Roman_Ovetchkin"]
[Result "1/2-1/2"]
[WhiteElo "2452"]
[BlackElo "2602"]
[TimeControl "180+1"]
[EndTime "11:08:28 PST"]
[Termination "Game drawn by repetition"]

1. Nf3 Nf6 2. g3 g6 3. b3 Bg7 4. Bb2 O-O 5. Bg2 c5 6. c4 Nc6 7.
O-O d6 8. Nc3 Bf5 9. d4 Ne4 10.
e3 Nxc3 11. Bxc3 Be4 12. Qd2 cxd4 13. Nxd4 Bxg2 14. Kxg2 Qd7 15. Nf3 Bxc3 16. Qxc3 Rac8 17. Rfd1 Qe6 18. Qd3 Qf6 19. Qe4 Rc7 20. Rac1 Rfc8 21. h4 h5 22. c5 Rd7 23. cxd6 Rxd6 24. Rxd6 Qxd6 25. Nd4 Kg7 26. Nxc6 Rxc6 27. Rxc6 bxc6 28. Qa4 Qd5+ 29. e4 Qc5 30. Qa6 Qc2 31. Kf3 Kf6 32.
Ke3 Qc1+ 33. Ke2 Qc2+ 34. Ke3 Qc1+ 35. Ke2 Qc2+ 36. Ke3 1/2-1/2

[Event "*** Titled Tuesday Blitz"]
[Site "Chess.com"]
[Date "2020.11.10"]
[Round "6"]
[White "lelya96"]
[Black "dopolian"]
[Result "1-0"]
[WhiteElo "2223"]
[BlackElo "2353"]
[TimeControl "180+1"]
[EndTime "11:08:28 PST"]
[Termination "lelya96 won by resignation"]

1. e4 g6 2. d4 Bg7 3. Nc3 c5 4. d5 d6 5. Bb5+ Bd7 6. a4 Nf6 7. Nf3 a6 8. Be2 Bg4 9. O-O Nbd7 10. Nd2 Bxe2 11. Qxe2 O-O 12. Nc4 Nb6 13. f4 Nxc4 14.
Qxc4 Ng4 15. h3 Bd4+ 16. Kh1 Nf2+ 17. Kh2 b5 18. Qe2 b4 19. Nb1 f5 20. c3 Nxe4 21. cxd4 cxd4 22. Nd2 Nc5 23. Nf3 d3 24. Qe3 Re8 25.
Nd4 Qb6 26. Ne6 Rac8 27. Qd4 1-0

[Event "*** Titled Tuesday Blitz"]
[Site "Chess.com"]
[Date "2020.11.10"]
[Round "6"]
[White "politeplayer"]
[Black "Barmen_EV"]
[Result "0-1"]
[WhiteElo "2244"]
[BlackElo "2413"]
[TimeControl "180+1"]
[EndTime "11:08:30 PST"]
[Termination "Barmen_EV won by resignation"]

1. e4 c5 2. c3 d5 3. exd5 Nf6 4.
Bb5+ Nbd7 5. Nf3 Nxd5 6. O-O e6 7. d4 cxd4 8. Nxd4 a6 9. Ba4 Bd6 10. Qg4 O-O 11. Nxe6 fxe6 12. Qxe6+ Kh8 13. Qxd6 N5f6 14. Bg5 b5 15. Bc2 Bb7 16. Nd2 Qe8 17. Rae1 Qh5 18.
Bxf6 Nxf6 19. Re3 Rad8 20. Qe7 Bxg2 21. Kxg2 Rfe8 22. Qc7 Rxd2 23. Rxe8+ Nxe8 24. Be4 Nxc7 0-1

[Event "*** Titled Tuesday Blitz"]
[Site "Chess.com"]
[Date "2020.11.10"]
[Round "6"]
[White "canary2016"]
[Black "Deepweb2020"]
[Result "0-1"]
[WhiteElo "2010"]
[BlackElo "2241"]
[TimeControl "180+1"]
[EndTime "11:08:30 PST"]
[Termination "Deepweb2020 won by checkmate"]

1. Nf3 Nf6 2. g3 b6 3. Bg2 Bb7 4. O-O e6 5. d4 Be7 6. c4 O-O 7.
b3 c5 8. Bb2 Qc8 9. Nc3 d5 10.
cxd5 Nxd5 11. Nxd5 Bxd5 12. Rc1 Qb7 13. dxc5 Bxc5 14. Qd3 Nc6 15. Qc3 f6 16. Rfd1 Rac8 17. Qd3 Nb4 18. Qd2 Nxa2 19. Bxf6 Nxc1 20. Rxc1 gxf6 21.
Qf4 e5 22. Qg4+ Qg7 23. Qxg7+ Kxg7 24. Rb1 Bxf3 25. Bxf3 Rfd8 26. Ra1 a5 27. Kg2 Rd2 28. Ra4 f5 29. Rh4 e4 30. Bh5 Rc6 31. Rf4 Rf6 32. Be8 Rxe2 33. Bb5 Rb2 34. Bc4 e3 35. b4 axb4 36.
Kh3 Rxf2 37. Rxf2 exf2 38. g4 fxg4+ 39. Kh4 h5 40. h3 Bd6 41. Bf7 g3 42. Bg6 Rxg6 43.
Kxh5 f1=Q 44. Kh4 Be7+ 45. Kh5 Bd8 46. h4 Qd1# 0-1

[Event "*** Titled Tuesday Blitz"]
[Site "Chess.com"]
[Date "2020.11.10"]
[Round "6"]
[White "hansen"]
[Black "26andrej26"]
[Result "1-0"]
[WhiteElo "2887"]
[BlackElo "2537"]
[TimeControl "180+1"]
[EndTime "11:08:37 PST"]
[Termination "hansen won on time"]

1. e4 c5 2. Nf3 d6 3. d4 cxd4 4.
Nxd4 Nf6 5. Nc3 a6 6. Be3 e5 7.
Nb3 Be6 8. h3 Be7 9. Qf3 Nc6 10.
O-O-O Rc8 11. g4 Nb4 12. Kb1 Bxb3 13. cxb3 Qa5 14. Rd2 d5 15. exd5 Rxc3 16. bxc3 Nbxd5 17. Bc4 Nxc3+ 18. Ka1 O-O 19. Qxb7 Nfe4 20. Rc2 Bc5 21.
Rd1 Bxe3 22. fxe3 Qc5 23. Rd3 Rd8 24. Rxd8+ 1-0